 Dungeon Crawl Stone Soup version 0.24-a0-69-g55f835606b (webtiles) character file.

Game seed: 2794447380134230132

476 LLavrengius the Sneak (level 7, -7/46 HPs)
             Began as an Octopode Fighter on Feb 6, 2019.
             Was a Believer of Wu Jian.
             Mangled by an orc
             ... wielding a +0 trident
              (8 damage)
             ... on level 4 of the Dungeon.
             The game lasted 00:10:07 (2896 turns).

LLavrengius the Sneak (Octopode Fighter)            Turns: 2896, Time: 00:10:08

Health: -7/46      AC:  1    Str: 15    XL:     7   Next: 10%
Magic:  7/7        EV: 11    Int: 13    God:    Wu Jian [**....]
Gold:   246        SH:  8    Dex: 11    Spells: 4/6 levels left

rFire    . . .     SeeInvis .   a - +0 rapier
rCold    . . .     Gourm    .   b - +0 shield
rNeg     . . .     Faith    .   (helmet restricted)
rPois    .         Spirit   .   (no amulet)
rElec    .         Reflect  .   (no ring)
rCorr    .         Harm     .   (no ring)
MR       .....                  (no ring)
Stlth    ++++......             (no ring)
HPRegen  0.15/turn              (no ring)
MPRegen  0.10/turn              (no ring)
                                (no ring)
                                (no ring)

@: no status effects
A: almost no armour, stealthy swim, amphibious, 8 rings, constrict 8, camouflage
1, gelatinous body 1
a: Wall Jump, Renounce Religion


You were on level 4 of the Dungeon.
You worshipped Wu Jian.
Wu Jian was pleased with you.
You were hungry.

You visited 1 branch of the dungeon, and saw 4 of its levels.
You also visited: Sewer.

You collected 246 gold pieces.

Inventory:

Hand Weapons
 a - a +0 rapier (weapon)
 h - a +2 hunting sling of flaming
 l - a +2 spear of venom
 o - a +0 halberd
Armour
 b - a +0 shield (worn)
Scrolls
 g - 2 scrolls of identify
 j - 2 scrolls of remove curse
 n - a scroll of fear {unknown}
 q - 3 scrolls of teleportation
 r - a scroll of enchant weapon {unknown}
Potions
 c - 2 potions of might
 e - a potion of berserk rage {unknown}
 f - 7 potions of flight
 i - a potion of degeneration {unknown}
 k - 2 potions of brilliance {unknown}
 m - 2 potions of heal wounds {unknown}
 p - a potion of magic {unknown}
Comestibles
 d - 6 rations


   Skills:
 + Level 3.3 Fighting
 * Level 5.3 Short Blades
 - Level 3.0 Dodging
 + Level 6.5 Stealth
 - Level 3.0 Shields
 + Level 1.4 Poison Magic


You had 4 spell levels left.
You knew the following spells:

 Your Spells              Type           Power        Failure   Level  Hunger
a - Poisonous Vapours     Pois/Air       #.....       86%         2    ###....

Your spell library contained the following spells:

 Spells                   Type           Power        Failure   Level  Hunger
 Mephitic Cloud           Conj/Pois/Air  #.......     98%         3    ####...
 Conjure Flame            Conj/Fire      #.......     99%         3    ####...
 Freezing Cloud           Conj/Ice/Air   #.........   100%        6    #######
 Ring of Flames           Chrm/Fire      #.........   100%        7    #######


Dungeon Overview and Level Annotations

Branches:
Dungeon (4/15)
 Temple: D:4-7

Altars:
Wu Jian


Innate Abilities, Weirdness & Mutations

You cannot wear most types of armour.
You are very stealthy in the water. (Stealth+)
You are amphibious.
You can wear up to eight rings at the same time.
You can use your tentacles to constrict eight enemies at once.
Your skin changes colour to match your surroundings (Stealth+).
Your rubbery body absorbs attacks. (AC +1, EV +1)


Message History

The jackal bites you.
* * * LOW HITPOINT WARNING * * *
The orc barely misses you.
The orc priest calls down the wrath of Beogh upon you.
Pain shoots through your body!
* * * LOW HITPOINT WARNING * * *
The jackal bites you.
* * * LOW HITPOINT WARNING * * *
The orc barely misses you. The jackal bites you.
* * * LOW HITPOINT WARNING * * *
You hit the orc priest. You squeeze the orc priest.
The orc priest is almost dead.
You constrict the orc priest, but do no damage.
The jackal bites you.
* * * LOW HITPOINT WARNING * * *
The orc closely misses you. You block the orc priest's attack.
The jackal bites you.
* * * LOW HITPOINT WARNING * * *
The orc hits you from afar with a +0 trident!
You die...

.. #...##...##..o..
...##....#...#....
...............##
....... #......#
.......###...#.....#
........##h..####### .
#........oh......≈≈≈
..
#.#......oo#...#####
........#......h@#...#
............##.h.##..#
.............#....####
.........#..###...#
.........##......##
.....##...#.......#
..................#
.............######
..(####......##


You could see an orc priest, 2 orcs and 4 jackals.

Vanquished Creatures
  A howler monkey (D:4)
  A hound (D:4)
  A bullfrog skeleton (D:4)
  Terence (D:2)
  Natasha (D:4)
  2 merfolk sirens (Sewer)
  A worker ant (D:4)
  A merfolk avatar (Sewer)
  3 gnolls (D:2)
  8 adders
  2 river rats (Sewer)
  3 dart slugs
  4 leopard geckos
  7 orcs
  4 ball pythons
  3 giant cockroaches
  9 goblins
  4 hobgoblins
  2 jackals (D:4)
  4 quokkas (D:3)
  7 bats
  9 frilled lizards
  8 kobolds
  34 rats
120 creatures vanquished.

Notes
Turn   | Place    | Note
-------+----------+-------------------------------------------
     0 | D:1      | LLavrengius the Octopode Fighter began the quest for the
                  | Orb.
     0 | D:1      | Reached XP level 1. HP: 16/16 MP: 1/1
    99 | D:1      | Reached skill level 1 in Stealth
   133 | D:1      | Reached XP level 2. HP: 18/21 MP: 2/2
   155 | D:1      | Reached skill level 2 in Stealth
   327 | D:1      | Reached XP level 3. HP: 26/26 MP: 3/3
   728 | D:2      | Reached skill level 3 in Stealth
   742 | D:2      | Reached XP level 4. HP: 14/31 MP: 4/4
  1174 | D:2      | Noticed Terence
  1185 | D:2      | Killed Terence
  1185 | D:2      | Reached skill level 4 in Stealth
  1308 | D:3      | Found a glowing drain.
  1324 | D:3      | Found an ornate altar of the Wu Jian Council.
  1330 | D:3      | Became a worshipper of the Wu Jian Council
  1359 | Sewer    | Entered a sewer
  1383 | Sewer    | Reached XP level 5. HP: 36/36 MP: 5/5
  1446 | Sewer    | Reached skill level 5 in Stealth
  1575 | Sewer    | Reached * piety under Wu Jian
  1604 | Sewer    | Noticed a malarious merfolk avatar
  1607 | Sewer    | Reached XP level 6. HP: 41/42 MP: 6/6
  2026 | D:3      | Reached skill level 6 in Stealth
  2065 | D:3      | Reached ** piety under Wu Jian
  2661 | D:3      | Learned a level 2 spell: Poisonous Vapours
  2730 | D:4      | Reached skill level 5 in Short Blades
  2744 | D:4      | Reached skill level 1 in Poison Magic
  2788 | D:4      | Noticed Natasha
  2790 | D:4      | Reached XP level 7. HP: 44/46 MP: 7/7
  2794 | D:4      | Killed Natasha
  2896 | D:4      | HP: 1/46 [jackal (3)]
  2896 | D:4      | Mangled by an orc

Vault maps used:
D:1:      minmay_arrival_split_and_join, layout_rooms
D:2:      layout_rooms, uniq_terence
D:3:      layout_basic, nicolae_overflow_crystal_walls,
          cheibrodos_sewer_entry_drain, kennysheep_generic_room_14
D:4:      layout_cave_pools, minmay_temple_entry_waves, first_ration,
          corexii_corridor_pit, minmay_misc_feat_rugged, uniq_natasha
Sewer:    sewer_sea

Skill      XL: |  1  2  3  4  5  6 |
---------------+-------------------+-----
Stealth        | 1 2 3 4 5 6 |  6.5
Short Blades   | 3 4 5 |  5.3
Poison Magic   | 1 |  1.4
Fighting       | |  3.3
Dodging        | |  3.0
Shields        | |  3.0

Action                   |  1- 3 |  4- 6 |  7- 9 || total
-------------------------+-------+-------+-------++-------
Melee: Rapier            |    57 |   143 |    17 ||   217
       Tentacles         |    12 |    18 |     3 ||    33
       Constrict         |    16 |    32 |     2 ||    50
Invok: Lunge             |       |    23 |     1 ||    24
  Use: Scroll            |       |     5 |       ||     5
 Stab: Sleeping          |     2 |    27 |       ||    29
       Distracted        |       |     1 |       ||     1
  Eat: Chunk             |       |     6 |       ||     6
Armor: Skin              |     3 |     9 |     2 ||    14
Dodge: Dodged            |    25 |    39 |    15 ||    79
Block: Shield            |    20 |    44 |    12 ||    76

Table legend:
 A = Non-vault XP
 B = Vault XP
 C = Vault XP percentage of total XP
 D = Non-vault monster count
 E = Vault monster count
 F = Vault count percentage of total count
                 A         B        C        D         E       F
            +---------+---------+-------+---------+---------+-------
      Total |     370 |     310 |  45.6 |      72 |      48 |  40.0
            +---------+---------+-------+---------+---------+-------
        D:1 |      41 |       0 |   0.0 |      25 |       0 |   0.0
        D:2 |      71 |      36 |  33.6 |      18 |       1 |   5.3
        D:3 |      54 |      22 |  28.9 |      20 |       6 |  23.1
        D:4 |     204 |      35 |  14.6 |       9 |       1 |  10.0
      Sewer |       0 |     217 | 100.0 |       0 |      40 | 100.0
            +---------+---------+-------+---------+---------+-------
